 Dungeon Crawl Stone Soup version 0.20.0-15-g7f486f2 (webtiles) character file.

7042 grindst0ne the Unseen (level 11, -2/66 HPs)
             Began as an Octopode Assassin on June 10, 2017.
             Was a Follower of Ru.
             Slain by an unseen horror (8 damage)
             ... on level 10 of the Dungeon.
             The game lasted 00:37:57 (11789 turns).

grindst0ne the Unseen (Octopode Assassin)          Turns: 11789, Time: 00:37:58

Health: -2/66      AC:  4    Str: 10    XL:     11   Next: 9%
Magic:  16/16      EV: 13    Int: 17    God:    Ru [*.....]
Gold:   350        SH:  0    Dex: 17    Spells: 10/10 levels left

rFire    . . .     SeeInvis .   a - +3 dagger (venom)
rCold    . . .     Gourm    .   (no shield)
rNeg     . . .     Faith    +   C - +1 hat {Int+3}
rPois    .         Spirit   .   y - amulet of faith
rElec    .         Reflect  .   o - +2 ring of protection
rCorr    .         Harm     .   K - +3 ring of slaying
MR       .....                  (no ring)
Stlth    +++++++...             (no ring)
Regen    0.3/turn               (no ring)
MPRegen  0.2/turn               (no ring)
                                (no ring)
                                (no ring)

@: hasted, very quick
A: almost no armour, stealthy swim, amphibious, 8 rings, constrict 8, camouflage
1, gelatinous body 1, hated by all
a: Renounce Religion


You were on level 10 of the Dungeon.
You worshipped Ru.
Ru was aware of your devotion.
You were hungry.

You visited 2 branches of the dungeon, and saw 11 of its levels.

You collected 539 gold pieces.
You spent 189 gold pieces at shops.

Inventory:

Hand Weapons
 a - a +3 dagger of venom (weapon)
 b - a +0 blowgun
 i - a +2 dagger
Missiles
 d - 2 curare-tipped needles
 j - a throwing net (quivered)
 s - 6 poisoned needles
 D - 4 poisoned tomahawks
Armour
 C - a +1 hat of intelligence (worn)
Jewellery
 k - an uncursed amulet of guardian spirit {unknown}
 o - a +2 ring of protection (left tentacle)
 y - an amulet of faith (around mantle)
 K - a +3 ring of slaying (right tentacle)
Wands
 u - a wand of paralysis (0/24)
 x - a wand of digging (18/24)
 L - a wand of flame (23/48)
Scrolls
 g - a scroll of recharging
 q - 6 scrolls of remove curse
 w - 2 scrolls of teleportation
 A - a scroll of blinking {unknown}
 M - a scroll of random uselessness {unknown}
Potions
 c - 2 potions of brilliance
 e - 2 potions of ambrosia
 n - a potion of invisibility {unknown}
 p - 2 potions of lignification {unknown}
 r - 3 potions of berserk rage {unknown}
 t - a potion of flight {unknown}
 v - 2 potions of experience {unknown}
 B - a potion of agility {unknown}
 E - 2 potions of magic {unknown}
 F - a potion of cancellation {unknown}
 G - 5 potions of degeneration {unknown}
 I - a potion of mutation {unknown}
Books
 z - a book of Necromancy

   Spells                             Type                      Level
   a - Pain                           Necromancy                   1
   b - Animate Skeleton               Necromancy                   1
   c - Vampiric Draining              Necromancy                   3
   d - Regeneration                   Charms/Necromancy            3
   e - Animate Dead                   Necromancy                   4
   f - Control Undead                 Necromancy                   4
Comestibles
 f - 5 bread rations
 h - 4 meat rations
 m - 5 royal jellies
 J - 24 fruits


   Skills:
 + Level 2.6 Fighting
 - Level 10.6 Short Blades
 - Level 4.2 Throwing
 - Level 1.0 Dodging
 + Level 15.0 Stealth
 + Level 6.9 Evocations


You had 10 spell levels left.
You didn't know any spells.

Dungeon Overview and Level Annotations

Branches:
Dungeon (10/15)            Temple (1/1) D:5            Lair (0/6) D:8
    Orc (0/2) D:10

Altars:
Ashenzari
Cheibriados
Dithmenos
Elyvilon
Fedhas
Gozag
Hepliaklqana
Kikubaaqudgha
Makhleb
Nemelex Xobeh
Okawaru
Qazlal
Ru
Sif Muna
Trog
Uskayaw
Vehumet
Xom
Yredelemnul
Zin
The Shining One

Shops:
D:6 [

Annotations:
D:5 exclusion: downstairs


Innate Abilities, Weirdness & Mutations

You cannot wear most types of armour.
You are very stealthy in the water. (Stealth+)
You are amphibious.
You can wear up to eight rings at the same time.
You can use your tentacles to constrict eight enemies at once.
Your skin changes colour to match your surroundings (Stealth+).
Your rubbery body absorbs attacks. (AC +1, EV +1)
You are hated by all.


Message History

Something hits you. Something shocks you.
You hit something. Your squeeze misses something. You hit something.
Something hits you. Something shocks you.
You hit something. You miss something.
Something hits you. x2; Something shocks you.
You hit something. Your squeeze misses something.
Reactivating autopickup.
Your Stealth skill increases to level 15!
You feel a bit more experienced. Something completely misses you.
Something hits you.
Deactivating autopickup; reactivate with Ctrl-A.
Something hits you!
You see here a sky beast corpse.
Found a dire flail.
Something hits you!
* * * LOW HITPOINT WARNING * * *
Something hits you!
* * * LOW HITPOINT WARNING * * *
You feel yourself speed up. Something hits you!
You die...

#.# #.# #.# #.# ##.#
#.# ...# #.# ...#
.######.# ##.#
........# #.#
.......†# # #.#
#>.......####..# #.#
#........{@....# #.#
#..............#
#.####........####..#
#.............# )#
#.............# #
#..##.........#
#..##.........#
#..##.........#
...##.........#


There were no monsters in sight!

Vanquished Creatures
  Erica (D:8)
  A two-headed ogre (D:8)
  Joseph (D:7)
  A komodo dragon (D:8)
  Grinder (D:4)
  Prince Ribbit (D:8)
  Grum (D:8)
  5 wyverns
  Eustachio (D:4)
  A steam dragon (D:8)
  Edmund (D:4)
  2 ice beasts
  3 orc warriors
  2 sky beasts
  A necrophage (D:5)
  5 centaurs
  2 wolves (D:8)
  A phantom (D:9)
  3 ogres
  2 crocodiles (D:8)
  A big kobold (D:8)
  2 bullfrogs
  A gnoll sergeant (D:4)
  A scorpion (D:9)
  3 howler monkeys
  5 crimson imps
  2 jellies (D:7)
  3 orc priests
  6 hounds
  10 orc wizards
  Crazy Yiuf (D:2)
  A bullfrog skeleton (D:8)
  Jessica (D:2)
  An iguana (D:9)
  4 worker ants
  A hound skeleton (D:8)
  11 gnolls
  13 adders
  2 oozes
  2 adder skeletons
  3 worms
  3 dart slugs
  3 leopard geckos
  30 orcs
  A ball python (D:7)
  6 giant cockroaches
  11 goblins
  4 hobgoblins
  10 jackals
  8 kobolds
  4 quokkas
  9 bats
  6 frilled lizards
  A leopard gecko zombie (D:8)
  6 rats
212 creatures vanquished.

Vanquished Creatures (others)
  An orc wizard (D:6)
1 creature vanquished.

Grand Total: 213 creatures vanquished

Notes
Turn   | Place    | Note
-------+----------+-------------------------------------------
     0 | D:1      | grindst0ne the Octopode Assassin began the quest for the Orb.
     0 | D:1      | Reached XP level 1. HP: 14/14 MP: 1/1
    92 | D:1      | Reached XP level 2. HP: 19/19 MP: 2/2
   290 | D:1      | Reached XP level 3. HP: 19/24 MP: 3/3
   745 | D:2      | Reached XP level 4. HP: 26/29 MP: 4/4
   913 | D:2      | Found a faded altar of an unknown god.
   938 | D:2      | Reached skill level 6 in Stealth
  1033 | D:2      | Found a runed door.
  1379 | D:2      | Noticed Jessica
  1384 | D:2      | Killed Jessica
  1384 | D:2      | Reached XP level 5. HP: 19/34 MP: 5/5
  1835 | D:2      | Noticed Crazy Yiuf
  1839 | D:2      | Killed Crazy Yiuf
  2221 | D:3      | Reached XP level 6. HP: 39/39 MP: 6/6
  2845 | D:3      | Reached skill level 7 in Stealth
  3324 | D:4      | Noticed Eustachio
  3331 | D:4      | Killed Eustachio
  3352 | D:4      | Reached XP level 7. HP: 45/45 MP: 7/7
  3388 | D:4      | Noticed Grinder
  3555 | D:4      | Reached skill level 8 in Stealth
  3557 | D:4      | Paralysed by Grinder for 3 turns
  3573 | D:4      | Killed Grinder
  3573 | D:4      | Reached skill level 5 in Short Blades
  3938 | D:4      | Noticed Edmund
  3957 | D:4      | Killed Edmund
  3957 | D:4      | Reached skill level 9 in Stealth
  4142 | D:4      | Reached XP level 8. HP: 17/50 MP: 8/8
  4650 | D:5      | Entered Level 5 of the Dungeon
  4782 | D:5      | Reached skill level 10 in Stealth
  5208 | D:5      | Found a staircase to the Ecumenical Temple.
  5312 | D:5      | Reached skill level 11 in Stealth
  5530 | Temple   | Entered the Ecumenical Temple
  5794 | Temple   | Became a worshipper of Ru the Awakened
  6600 | D:6      | Reached XP level 9. HP: 52/52 MP: 9/9
  6990 | D:6      | HP: 2/54 [orc warrior/trident (17)]
  7018 | D:6      | Reached skill level 12 in Stealth
  8046 | D:6      | Found Enueduine's Antique Armour Boutique.
  8086 | D:6      | Bought an embroidered hat for 189 gold pieces
  8496 | D:7      | Gained mutation: You are hated by all. [Ru sacrifice]
  8496 | D:7      | Reached * piety under Ru
  8525 | D:7      | Reached skill level 1 in Evocations
  8921 | D:7      | Noticed Joseph
  8928 | D:7      | Killed Joseph
  8928 | D:7      | Reached skill level 13 in Stealth
  9362 | D:8      | Reached XP level 10. HP: 60/60 MP: 12/12
  9496 | D:8      | Noticed a two-headed ogre
  9503 | D:8      | Killed a two-headed ogre
  9759 | D:8      | Noticed Grum
  9972 | D:8      | Killed Grum
  9975 | D:8      | Reached skill level 5 in Evocations
 10033 | D:8      | Noticed Prince Ribbit
 10105 | D:8      | Killed Prince Ribbit
 10105 | D:8      | Reached skill level 10 in Short Blades
 10105 | D:8      | Reached skill level 14 in Stealth
 10177 | D:8      | Noticed Erica
 10457 | D:8      | Found a staircase to the Lair.
 10552 | D:8      | Killed Erica
 10955 | D:9      | Reached XP level 11. HP: 64/64 MP: 15/15
 11498 | D:9      | You fall through a shaft!
 11498 | D:10     | Entered Level 10 of the Dungeon
 11760 | D:10     | Found a staircase to the Orcish Mines.
 11784 | D:10     | Reached skill level 15 in Stealth
 11789 | D:10     | Slain by an unseen horror

Skill      XL: |  1  2  3  4  5  6  7  8  9 10 11 |
---------------+----------------------------------+-----
Short Blades   | 3 4 5 7 9 10 | 10.6
Throwing       | 3 4 |  4.2
Stealth        | 6 7 9 11 13 14 15 | 15.0
Evocations     | 3 6 |  6.9
Fighting       | |  2.6
Dodging        | |  1.0

Action                   |  1- 3 |  4- 6 |  7- 9 | 10-12 || total
-------------------------+-------+-------+-------+-------++-------
Melee: Dagger            |    48 |    86 |   212 |   115 ||   461
       Tentacles         |    10 |     8 |    38 |    23 ||    79
       Constrict         |     8 |    20 |    39 |    17 ||    84
 Fire: Blowgun           |       |    23 |    14 |    12 ||    49
Invok: Sacrifice Love    |       |       |     1 |       ||     1
Evoke: Wand              |       |       |     5 |     3 ||     8
  Use: Scroll            |       |       |    13 |     3 ||    16
       Potion            |       |       |     3 |     5 ||     8
 Stab: Sleeping          |    13 |    19 |    28 |    17 ||    77
       Distracted        |       |     1 |     3 |     2 ||     6
       Paralysed         |       |       |     2 |       ||     2
  Eat: Chunk             |       |     7 |    14 |     7 ||    28
       Bread ration      |       |       |     1 |       ||     1
Armor: Skin              |     3 |     7 |    25 |     7 ||    42
Dodge: Dodged            |    10 |    33 |    83 |    38 ||   164
